 Dungeon Crawl Stone Soup version 0.28-a0-1510-gd0f6b136d3 (webtiles) character file.

Game seed: 10048326867381978603

49307 zazu2006 the Covert (level 14, -15/124 HPs)
             Began as a Naga Hedge Wizard on Jan 15, 2022.
             Was a Priest of Vehumet.
             Demolished by an orc knight (33 damage)
             ... on level 2 of the Orcish Mines.
             The game lasted 01:20:52 (25546 turns).

zazu2006 the Covert (Naga Hedge Wizard)            Turns: 25546, Time: 01:20:53

Health: -15/124    AC: 11    Str: 15    XL:     14   Next: 50%
Magic:  35/39      EV: 10    Int: 18    God:    Vehumet [***...]
Gold:   805        SH:  9    Dex: 10    Spells: 12/32 levels left

rFire   . . .      SeeInvis +   K - +9 falchion of the Yaks {venom, *Rage Will++ rCorr Stlth-}
rCold   . . .      Faith    .   D - +0 buckler {AC+3}
rNeg    + . .      Spirit   .   E - +0 troll leather armour
rPois   +          Reflect  +   j - +0 helmet "Ziafar" {rN+ Slay+4}
rElec   .          Harm     .   S - scarf {+Inv}
rCorr   +          Rampage  .   (no gloves)
Will    ++++.      Rage     20% (no barding)
Stlth   ++++......              l - amulet of Brilliance {Reflect Slay+2 SH+5}
HPRegen 1.10/turn               p - ring of willpower
MPRegen 0.26/turn               J - ring of magical power

@: on berserk cooldown, on blink cooldown, very slightly contaminated, slowed,
studying Transmutations, very slow
A: AC +4, large, see invisible, deformed body, poison resistance, slowness 2,
spit poison 1, naga tail 2, high mp 1
a: Spit Poison, Renounce Religion, Evoke Invisibility


You were on level 2 of the Orcish Mines.
You worshipped Vehumet.
Vehumet was most pleased with you.
You visited 4 branches of the dungeon, and saw 19 of its levels.
You also visited: Ossuary, Gauntlet and Ice Cave.

You collected 1538 gold pieces.
You spent 733 gold pieces at shops.

Inventory:

Hand Weapons
 z - a +4 dagger of freezing
 K - the +9 falchion of the Yaks (weapon) {venom, *Rage Will++ rCorr Stlth-}
   (You found it on level 1 of the Lair of Beasts)

   It poisons the flesh of those it strikes.
   *Rage:     It berserks you when you make melee attacks (+20% chance).
   rCorr:     It protects you from acid and corrosion.
   Will:      It greatly increases your willpower.
   Stlth:     It makes you less stealthy.
 M - a +1 vorpal falchion
Armour
 j - the +0 helmet "Ziafar" (worn) {rN+ Slay+4}
   (You bought it in a shop on level 8 of the Dungeon)

   Slay:      It affects your accuracy & damage with ranged weapons and melee
   (+4).
   rN:        It protects you from negative energy.
 D - a +0 buckler of protection (worn)
 E - a +0 troll leather armour (worn)
 R - the +2 cloak "Uxzah" {rF- Int+7 Stlth+}
   (You found it on level 11 of the Dungeon)

   Int:       It affects your intelligence (+7).
   rF:        It makes you vulnerable to fire.
   Stlth:     It makes you more stealthy.
 S - a scarf of invisibility (worn)
 U - a +2 kite shield of cold resistance
Jewellery
 l - the amulet of Brilliance (around neck) {Reflect Slay+2 SH+5}
   (You found it in a Gauntlet)

   [amulet of reflection]

   It reflects blocked missile attacks.
   Slay:      It affects your accuracy & damage with ranged weapons and melee
   (+2).
   SH:        It affects your SH (+5).
 p - a ring of willpower (left hand)
 t - a ring of positive energy
 w - the ring "Noevegea" {rF+ rN+}
   (You found it in a Gauntlet)

   [ring of positive energy]

   rF:        It protects you from fire.
   rN:        It protects you from negative energy.
 y - an amulet of the acrobat
 I - an amulet of magic regeneration
 J - a ring of magical power (right hand)
 N - a ring of positive energy
 O - a +6 ring of dexterity
 Q - a ring of wizardry
Wands
 c - a wand of charming (5)
 o - a wand of polymorph (7)
 B - a wand of iceblast (20)
 P - a wand of paralysis (3)
 T - a wand of acid (8)
Scrolls
 f - 6 scrolls of teleportation
 h - 3 scrolls of brand weapon
 i - 14 scrolls of noise
 k - 5 scrolls of immolation
 m - 13 scrolls of identify
 n - 4 scrolls of silence
 v - 5 scrolls of fog
 A - 5 scrolls of amnesia
 C - 2 scrolls of vulnerability
 F - a scroll of enchant armour
Potions
 d - 3 potions of attraction
 e - 3 potions of brilliance
 g - a potion of flight
 q - 5 potions of haste
 r - a potion of lignification
 s - 6 potions of mutation
 u - 3 potions of might
 x - a potion of magic
 H - a potion of curing
 L - 4 potions of berserk rage
Miscellaneous
 a - a condenser vane
 G - a phial of floods


   Skills:
 + Level 7.9 Fighting
 - Level 10.4 Long Blades
 + Level 5.8 Armour
 + Level 6.3 Dodging
 + Level 12.5 Stealth
 - Level 4.8 Shields
 + Level 9.5 Spellcasting
 + Level 8.3 Conjurations
 + Level 1.0 Summonings
 + Level 3.4 Translocations
 + Level 2.1 Fire Magic
 + Level 4.4 Air Magic
 * Level 6.2 Earth Magic
 - Level 6.1 Poison Magic
 + Level 1.2 Evocations


You had 12 spell levels left.
You knew the following spells:

 Your Spells              Type           Power      Damage    Failure   Level
a - Magic Dart            Conj           100%       1d8       1%          1
b - Mephitic Cloud        Conj/Pois/Air  31%        N/A       1%          3
c - Conjure Flame         Conj/Fire      27%        6-21      1%          3
d - Blink                 Tloc           40%        N/A       4%          2
e - Lee's Rapid Deconstr  Erth           15%        3d11*     7%          5
f - Iron Shot             Conj/Erth      17%        9d4       24%         6

Your spell library contained the following spells:

 Spells                   Type           Power      Damage    Failure   Level
 Hailstorm                Conj/Ice       23%        3d7       6%          4
 Dazzling Flash           Conj/Hex       46%        N/A       1%          3
 Freeze                   Ice            32%        1d5       3%          1
 Iskenderun's Mystic Bla  Conj/Tloc      29%        2d7       3%          4
 Iskenderun's Battlesphe  Conj           38%        2d9       3%          5
 Fulminant Prism          Conj/Hex       11%        3d9       6%          4
 Frozen Ramparts          Ice            16%        1d3       11%         3
 Slow                     Hex            32%        N/A       12%         1
 Call Imp                 Summ           12%        N/A       12%         2
 Freezing Cloud           Conj/Ice/Air   12%        6-21      16%         5
 Ensorcelled Hibernation  Hex/Ice        16%        N/A       19%         2
 Portal Projectile        Hex/Tloc       28%        N/A       19%         3
 Call Canine Familiar     Summ           12%        N/A       24%         3
 Leda's Liquefaction      Hex/Erth       9%         N/A       32%         4
 Starburst                Conj/Fire      13%        6d6       45%         6
 Summon Forest            Summ/Tloc      8%         N/A       80%         5
 Summon Mana Viper        Hex/Summ       10%        N/A       95%         5
 Spellforged Servitor     Conj/Summ      12%        N/A       96%         7
 Summon Cactus Giant      Summ           6%         N/A       100%        6
 Malign Gateway           Summ/Tloc      8%         N/A       100%        7
 Summon Horrible Things   Summ           6%         N/A       100%        8


Dungeon Overview and Level Annotations

Branches:
Dungeon (14/15)            Temple (1/1) D:4            Lair (2/6) D:10
    Orc (2/2) D:12         Vaults (0/5) D:14        Ossuary (visited)
  IceCv (visited)         Gauntlet (visited)
  Swamp: Lair:2-4    Shoals: Lair:2-4     Snake: Lair:2-4    Spider: Lair:2-4
    Elf: Orc:2

Altars:
Ashenzari
Cheibriados
Dithmenos
Elyvilon
Fedhas
Gozag
Hepliaklqana
Kikubaaqudgha
Makhleb
Nemelex Xobeh
Okawaru
Qazlal
Ru
Sif Muna
Trog
Uskayaw
Vehumet
Wu Jian
Xom
Yredelemnul
Zin
The Shining One
Beogh

Shops:
D:3 ?   D:8 [*[=[   D:10 [   D:14 [

Portals:
Trove: D:12 (give 6 scrolls of fog)

Annotations:
D:10 3 runed translucent doors, SirDiesAlot's ghost, journeyman GrMo
D:11 1 runed translucent door, siradein's ghost, journeyman DjFE
D:13 3 runed translucent doors, SirDiesAlot's ghost, journeyman DjCj
Orc:2 1 runed translucent door, Clumpoid's ghost, journeyman TrMo


Innate Abilities, Weirdness & Mutations

Your serpentine skin is tough. (AC +4)
You have supernaturally acute eyesight. (SInv)
Armour fits poorly on your strangely shaped body.
Your system is resistant to poisons. (rPois)
You cover ground very slowly.
You can spit poison.
You can use your snake-like lower body to constrict enemies.
You have an increased reservoir of magic. (+10% MP)


Message History

Vehumet accepts your kill.
You feel your power returning. The orc hits you but does no damage.
The orc knight hits the orc with a +0 great mace!!
The orc is killed!
Vehumet accepts your kill.
You feel your power returning.
The orc knight hits itself with a +0 great mace!
You hit the orc. You grab the orc.
The orc is heavily wounded.
You constrict the orc, but do no damage.
The orc no longer looks unusually strong.
The orc hits you with a +0 hand axe!
* * * LOW HITPOINT WARNING * * *
Unknown command.
You hit the orc.
You kill the orc!
Vehumet accepts your kill.
You feel your power returning.
The orc barely misses the orc knight.
The orc knight is engulfed in noxious fumes.
You see here 25 gold pieces.
You now have 805 gold pieces (gained 25).
The orc knight seems less confused.
Casting: Mephitic Cloud (safe; 1% risk of failure)
Confirm with . or Enter, or press ? or * to list all spells.
Aiming: Mephitic Cloud (safe; 1% risk of failure)
Press: ? - help, Shift-Dir - straight line, f - orc
Aim: an orc, wielding a +0 flail (confused, chance to affect: 96%)
Okay, then.
Casting: Mephitic Cloud (safe; 1% risk of failure)
Confirm with . or Enter, or press ? or * to list all spells.
You miscast Blink.
You are very lightly contaminated with residual magic.
Nothing appears to happen.
The orc knight hits you with a +0 great mace!!
* * * LOW HITPOINT WARNING * * *
Casting: Blink (safe; 4% risk of failure)
Confirm with . or Enter, or press ? or * to list all spells.
You blink.
The orc knight hits you with a +0 great mace!!
You die...

##.......... ....
........... ...... .#
..........# .....# #...
..........##.....## ^...
........))........... ....
........)))...........##...
.......)))............#....
.......)...................
.#.....)o.@................
#.....)).o................
#......)...................
.........§.................
#..................†.......
##.#...#...#.#..#......###.
####################### ##


You could see an orc knight and an orc (confused).

Vanquished Creatures
  A reaper (IceCv)
  A minotaur (Gauntlet)
  8 vault guards (D:14)
  5 boulder beetles
  Erolcha (D:12)
  3 centaur warriors
  2 tengu warriors
  4 two-headed ogres
  A death drake (Gauntlet)
  The ghost of indyram44 the Covered, a novice GrFi (D:8)
  3 orc knights
  An orc sorcerer (Orc:2)
  A shining eye (Gauntlet)
  A deep elf pyromancer (D:14)
  4 cyclopes
  A spectral centaur (Gauntlet)
  8 ugly things
  8 slime creatures (D:14)
  4 manticores
  A moth of wrath (D:8)
  2 ice statues (IceCv)
  A black mamba (Lair:1)
  2 gargoyles
  A cane toad (Lair:2)
  A freezing wraith (IceCv)
  A komodo dragon (Lair:2)
  5 entropy weaver simulacra (IceCv)
  6 ice devils (IceCv)
  An anaconda simulacrum (IceCv)
  A meliai (shapeshifter) (D:14)
  6 trolls
  Prince Ribbit (D:9)
  3 meliai (D:13)
  A hornet (D:7)
  3 blink frogs (Lair:1)
  2 shadows
  4 vampires
  2 wraiths
  A water elemental (D:13)
  Eustachio (D:4)
  A yak (D:12)
  2 wyverns
  A golden eye (Gauntlet)
  5 basilisks
  A steam dragon (D:10)
  A death yak simulacrum (IceCv)
  5 wargs (Orc:1)
  4 vampire mosquitoes
  2 swamp worms (Gauntlet)
  Edmund (D:4)
  4 harpy simulacra (IceCv)
  3 acid dragons
  A spectral hornet (Gauntlet)
  11 water moccasins
  17 orc warriors
  A swamp drake (D:10)
  2 ice beasts
  2 sky beasts
  2 black bears (D:6)
  5 boggarts (D:14)
  A necrophage (D:4)
  5 ogres
  2 centaurs
  4 wolves (Lair:1)
  A phantom (D:4)
  8 bullfrogs
  4 gnoll sergeants
  A two-headed ogre simulacrum (IceCv)
  4 scorpions
  2 cane toad simulacra (IceCv)
  2 water moccasin skeletons
  6 wights
  An electric eel (D:14)
  2 howler monkeys
  3 centaur zombies
  A jelly (D:7)
  A human zombie (Ossuary)
  2 hounds
  14 orc priests
  2 bullfrog skeletons
  A gnoll shaman (D:6)
  3 centaur skeletons
  4 iguanas
  18 orc wizards
  A scorpion zombie (D:5)
  5 mummies (Ossuary)
  2 howler monkey zombies
  12 gnolls
  7 adders
  A shadow imp (D:5)
  3 white imps
  3 dart slugs
  55 orcs
  3 ball pythons
  4 bats
  6 endoplasms
  5 giant cockroaches
  2 gnoll zombies (Ossuary)
  8 goblins
  3 hobgoblins
  13 jackals
  8 kobolds
  3 quokkas (D:2)
  10 frilled lizards
  2 goblin zombies (Ossuary)
  A hobgoblin zombie (Ossuary)
  An orc zombie (Ossuary)
425 creatures vanquished.

Vanquished Creatures (collateral kills)
  A wyvern (D:8)
  2 orcs (D:8)
3 creatures vanquished.

Vanquished Creatures (others)
  2 electric eels (D:14)
  2 wights (D:8)
  4 fungi
  19 plants
  5 toadstools (D:1)
32 creatures vanquished.

Grand Total: 460 creatures vanquished

Notes
Turn   | Place    | Note
-------+----------+-------------------------------------------
     0 | D:1      | zazu2006 the Naga Hedge Wizard began the quest for the Orb.
     0 | D:1      | Reached XP level 1. HP: 15/15 MP: 4/4
    96 | D:1      | Reached XP level 2. HP: 7/22 MP: 0/6
  1018 | D:1      | Reached XP level 3. HP: 16/28 MP: 5/8
  1022 | D:1      | Learned a level 3 spell: Mephitic Cloud
  1026 | D:1      | Learned a level 3 spell: Conjure Flame
  1029 | D:1      | Learned a level 2 spell: Blink
  1901 | D:2      | Reached XP level 4. HP: 36/36 MP: 1/10
  2873 | D:3      | Found Seteuge's Magic Scroll Emporium.
  2912 | D:3      | Bought a scroll of identify for 20 gold pieces
  2918 | D:3      | Reached XP level 5. HP: 42/42 MP: 8/11
  3053 | D:3      | Found a hide-covered altar of Uskayaw.
  3355 | D:3      | Found a faded altar of an unknown god.
  3431 | D:3      | Found a shimmering altar of Xom.
  3530 | D:3      | Reached skill level 1 in Poison Magic
  3634 | D:4      | Noticed Edmund
  3729 | D:4      | Reached skill level 1 in Armour
  3758 | D:4      | Reached XP level 6. HP: 37/49 MP: 5/13
  3800 | D:4      | Found a sand-covered staircase.
  3812 | Ossuary  | Entered an ossuary
  4179 | Ossuary  | Reached skill level 4 in Stealth
  4721 | Ossuary  | Reached skill level 5 in Spellcasting
  5202 | D:4      | Killed Edmund
  5203 | D:4      | Reached skill level 1 in Fighting
  5203 | D:4      | Reached XP level 7. HP: 20/57 MP: 3/14
  5448 | D:4      | Found a sacrificial altar of Ru.
  5469 | D:4      | Gained mutation: You have an increased reservoir of magic.
                  | (+10% MP) [potion of mutation]
  5899 | D:3      | Bought a scroll of identify for 20 gold pieces
  5899 | D:3      | Bought a scroll of identify for 20 gold pieces
  5899 | D:3      | Bought a scroll of identify for 20 gold pieces
  5899 | D:3      | Bought a scroll of identify for 20 gold pieces
  5899 | D:3      | Bought a scroll of identify for 20 gold pieces
  5899 | D:3      | Bought a scroll of identify for 20 gold pieces
  5934 | D:5      | Entered Level 5 of the Dungeon
  6518 | D:5      | Reached XP level 8. HP: 58/64 MP: 13/17
  6853 | D:5      | Found a burning altar of Makhleb.
  7031 | D:6      | Reached skill level 1 in Air Magic
  7409 | D:4      | Noticed Eustachio
  7426 | D:4      | Killed Eustachio
  7443 | D:4      | Found a staircase to the Ecumenical Temple.
  7457 | Temple   | Entered the Ecumenical Temple
  8095 | D:4      | Reached skill level 5 in Stealth
  9222 | D:6      | Reached skill level 1 in Long Blades
  9316 | D:6      | Reached XP level 9. HP: 41/73 MP: 14/20
  9756 | D:6      | Reached skill level 5 in Conjurations
  9808 | D:6      | Found a glowing golden altar of the Shining One.
 10324 | D:6      | Found a bloodstained altar of Trog.
 11021 | D:7      | Found a shadowy altar of Dithmenos.
 11035 | D:7      | Reached skill level 6 in Stealth
 11187 | D:7      | Noticed a hornet
 11195 | D:7      | Killed a hornet
 11282 | D:7      | Reached skill level 1 in Fire Magic
 11930 | D:7      | Found a sparkling altar of Nemelex Xobeh.
 12072 | D:7      | Found an ancient bone altar of Kikubaaqudgha.
 12179 | D:8      | Found Wagri's General Store.
 12272 | D:8      | Found a transporter.
 12278 | D:8      | Found a bloodstained altar of Trog.
 12319 | D:8      | Reached XP level 10. HP: 71/82 MP: 16/23
 12413 | D:8      | Found a transporter.
 12414 | D:8      | Noticed a moth of wrath
 12439 | D:8      | Noticed indyram44's ghost (novice GrFi)
 12505 | D:8      | Found Dablippe's Jewellery Shop.
 12615 | D:8      | Found Inairi Geu's Antique Armour Shoppe.
 12623 | D:8      | Bought a spiked ring mail for 207 gold pieces
 12623 | D:8      | Identified the +0 ring mail "Cimylik" {Slay+2} (You bought
                  | it in a shop on level 8 of the Dungeon)
 13115 | D:8      | Found Vufywott's Antique Armour Shop.
 13216 | D:8      | Found a broken altar of Ashenzari.
 13216 | D:8      | Found a basalt altar of Yredelemnul.
 13302 | D:8      | Found Meifyrchu's Armour Emporium.
 13307 | D:8      | Bought a +0 buckler of protection for 149 gold pieces
 13431 | D:9      | Reached skill level 7 in Stealth
 13955 | D:9      | Noticed Prince Ribbit
 13978 | D:9      | Killed Prince Ribbit
 13979 | D:9      | Reached skill level 1 in Shields
 14243 | D:10     | Entered Level 10 of the Dungeon
 14243 | D:10     | Noticed an unseen horror
 14244 | D:10     | Noticed a two-headed ogre
 14260 | D:10     | Killed a two-headed ogre
 14261 | D:10     | Reached skill level 5 in Poison Magic
 14456 | D:10     | Noticed a two-headed ogre
 14626 | D:10     | Found Weasak's Antique Armour Boutique.
 14639 | D:10     | Found a runed translucent gate.
 14643 | D:10     | Found a runed translucent gate.
 14644 | D:10     | Found a runed translucent gate.
 14732 | D:10     | Found a stormy altar of Qazlal.
 14735 | D:10     | Noticed SirDiesAlot's ghost (journeyman GrMo)
 15192 | D:10     | Reached skill level 5 in Long Blades
 15211 | D:10     | Found a staircase to the Lair.
 15351 | D:10     | Killed a two-headed ogre
 15352 | D:10     | Reached XP level 11. HP: 41/92 MP: 20/25
 15384 | D:10     | Noticed a two-headed ogre
 15397 | D:10     | Killed a two-headed ogre
 15919 | Lair:1   | Entered Level 1 of the Lair of Beasts
 15937 | Lair:1   | Identified the +9 falchion of the Yaks {venom, *Rage Will++
                  | rCorr Stlth-}
 16899 | Lair:2   | Reached skill level 8 in Stealth
 17110 | Lair:2   | Noticed a seven-headed hydra
 17525 | D:11     | Noticed a cyclops
 17533 | D:11     | Killed a cyclops
 17534 | D:11     | Reached skill level 1 in Evocations
 17629 | D:11     | Identified the +2 cloak "Uxzah" {rF- Int+7 Stlth+}
 18014 | D:11     | Noticed a manticore
 18022 | D:11     | Killed a manticore
 18056 | D:11     | Found a runed translucent door.
 18056 | D:11     | Noticed siradein's ghost (journeyman DjFE)
 18267 | D:11     | Noticed a boulder beetle
 18538 | D:11     | Killed a boulder beetle
 18539 | D:11     | Reached skill level 5 in Fighting
 18539 | D:11     | Reached XP level 12. HP: 103/103 MP: 26/26
 19196 | D:6      | Found a radiant altar of Vehumet.
 19204 | D:6      | Became a worshipper of Vehumet
 19282 | D:8      | Bought a fine helmet for 237 gold pieces
 19282 | D:8      | Identified the +0 helmet "Ziafar" {rN+ Slay+4} (You bought
                  | it in a shop on level 8 of the Dungeon)
 19399 | D:8      | Killed indyram44's ghost
 19400 | D:8      | Reached skill level 5 in Armour
 19786 | D:12     | Noticed a centaur warrior
 19795 | D:12     | Killed a centaur warrior
 19796 | D:12     | Reached skill level 9 in Stealth
 19802 | D:12     | Noticed Erolcha
 19815 | D:12     | Killed Erolcha
 19842 | D:12     | Reached skill level 5 in Dodging
 19878 | D:12     | Noticed a two-headed ogre
 19885 | D:12     | Killed a two-headed ogre
 19990 | D:12     | Found a staircase to the Orcish Mines.
 20047 | D:12     | Noticed a boulder beetle
 20061 | D:12     | Killed a boulder beetle
 20499 | D:12     | Found a portal to a secret trove of treasure.
 20519 | D:12     | Learned a level 5 spell: Lee's Rapid Deconstruction
 20688 | D:13     | Noticed a tengu warrior
 20702 | D:13     | Killed a tengu warrior
 20703 | D:13     | Reached skill level 1 in Earth Magic
 20741 | D:13     | Found a gate leading to a gauntlet.
 20746 | D:13     | Noticed a centaur warrior
 20750 | Gauntlet | Entered a Gauntlet
 20750 | Gauntlet | Found a transporter.
 20754 | Gauntlet | Found a transporter.
 20756 | Gauntlet | Found a transporter.
 20771 | Gauntlet | Found a transporter.
 20773 | Gauntlet | Found a transporter.
 20777 | Gauntlet | Found a runed translucent door.
 20780 | Gauntlet | Found a runed translucent door.
 20781 | Gauntlet | Noticed a wretched star
 20785 | Gauntlet | Found a transporter.
 20800 | Gauntlet | Found a transporter.
 20802 | Gauntlet | Noticed a quicksilver ooze
 20804 | Gauntlet | Found a runed translucent door.
 20811 | Gauntlet | Found a transporter.
 20815 | Gauntlet | Found a transporter.
 20818 | Gauntlet | Found a transporter.
 20824 | Gauntlet | Found a transporter.
 20829 | Gauntlet | Found a transporter.
 20859 | Gauntlet | Found a transporter.
 20874 | Gauntlet | Found a transporter.
 21027 | Gauntlet | Reached skill level 10 in Stealth
 21088 | Gauntlet | Reached * piety under Vehumet
 21088 | Gauntlet | Offered knowledge of Foxfire by Vehumet.
 21095 | Gauntlet | Identified the amulet of Brilliance {Reflect Slay+2 SH+5}
 21180 | Gauntlet | Identified the ring "Noevegea" {rF+ rN+}
 21230 | Gauntlet | Noticed a minotaur
 21363 | Gauntlet | Killed a minotaur
 21364 | Gauntlet | Gained mutation: You can use your snake-like lower body to
                  | constrict enemies. [Naga growth]
 21364 | Gauntlet | Reached XP level 13. HP: 17/111 MP: 28/28
 21575 | D:13     | Noticed a rakshasa
 21575 | D:13     | Noticed SirDiesAlot's ghost (journeyman DjCj)
 21581 | D:13     | Found a stormy altar of Qazlal.
 22287 | D:13     | Found a runed translucent gate.
 22287 | D:13     | Found a runed translucent gate.
 22287 | D:13     | Found a runed translucent gate.
 22843 | D:14     | Reached skill level 11 in Stealth
 22860 | D:14     | HP: 4/114 [tengu warrior (14)]
 23168 | D:14     | Reached skill level 10 in Long Blades
 23346 | D:14     | Found a gate to the Vaults.
 23346 | D:14     | Noticed a vault guard
 23346 | D:14     | Noticed a vault guard
 23346 | D:14     | Noticed a vault guard
 23346 | D:14     | Noticed a vault guard
 23346 | D:14     | Noticed a vault guard
 23347 | D:14     | Noticed a vault guard
 23347 | D:14     | Noticed a vault guard
 23347 | D:14     | Noticed a vault guard
 23355 | D:14     | Killed a vault guard
 23368 | D:14     | Killed a vault guard
 23369 | D:14     | Killed a vault guard
 23380 | D:14     | Killed a vault guard
 23382 | D:14     | Killed a vault guard
 23398 | D:14     | Killed a vault guard
 23399 | D:14     | Killed a vault guard
 23403 | D:14     | Killed a vault guard
 23404 | D:14     | Reached skill level 5 in Earth Magic
 23530 | D:14     | Reached ** piety under Vehumet
 23539 | D:14     | Reached XP level 14. HP: 123/123 MP: 29/29
 23596 | D:14     | Offered knowledge of Poisonous Vapours by Vehumet.
 23653 | D:14     | Found Herothir's Armour Shoppe.
 23825 | Orc:1    | Entered Level 1 of the Orcish Mines
 23868 | Orc:1    | Found a frozen archway.
 23877 | IceCv    | Entered an ice cave
 24133 | IceCv    | Offered knowledge of Searing Ray by Vehumet.
 24204 | IceCv    | Reached skill level 12 in Stealth
 24676 | IceCv    | Noticed a reaper
 24686 | IceCv    | Killed a reaper
 24686 | IceCv    | Reached *** piety under Vehumet
 24697 | IceCv    | Got the Incunabulum of Ice
 25233 | Orc:2    | Entered Level 2 of the Orcish Mines
 25456 | Orc:2    | Found a runed translucent door.
 25456 | Orc:2    | Noticed Clumpoid's ghost (journeyman TrMo)
 25488 | Orc:2    | Offered knowledge of Hailstorm by Vehumet.
 25497 | Orc:2    | Learned a level 6 spell: Iron Shot
 25546 | Orc:2    | Demolished by an orc knight

Illustrated notes

Levels and vault maps discovered:
D:1:      ldierk_walled_garden, layout_basic, kennysheep_small_spiral
D:2:      layout_rooms, minmay_lizard_king
D:3:      layout_basic, mainiacjoe_overflow_catwalk_spiral,
          shapermc_ecumenical_altar_ellora, serial_shops, shop
D:4:      layout_layer_cave, nicolae_ru_awakened_eye, minmay_temple_entry_fiery,
          nicolae_ossuary_entry_monument, uniq_eustachio, uniq_edmund
D:5:      layout_cave_pools, makhleb_grotto_becter
D:6:      layout_loops_corners, nicolae_tso_swordbearing_angel,
          nicolae_overflow_hidden_temple, trog_ov_bears_minmay,
          grunt_ministairs_6, chequers_hall_statues_y, minmay_curled_crystal
D:7:      layout_basic, nicolae_dithmenos_shadow_blocks, nemelex_altar_shiori,
          mainiacjoe_overflow_boulevard
D:8:      layout_cave_pods, gammafunk_temple_overflow_statue,
          gammafunk_ghost_wrathful_warriors, serial_shops,
          nicolae_shop_behind_doors, nicolae_shop_statue_plus, shop,
          nicolae_square_shop, kennysheep_little_box
D:9:      layout_rooms, uniq_prince_ribbit1
D:10:     layout_long_grid, mainiacjoe_overflow_cross_hatched, erik_lair_dragon,
          gammafunk_ghost_icy, serial_shops, shop, unseen_surprise_small
D:11:     layout_grid_maze, hellmonk_ghost_happy_afterlife, corexii_corridor_pit
D:12:     kennysheep_ambush_hall, layout_long_grid, orc_0_dummy,
          nicolae_trove_entry_free_sample, uniq_erolcha
D:13:     layout_basic, serial_bayou, serial_bayou_pond_d,
          serial_bayou_lagoon_a, serial_bayou_pond_e, serial_bayou_crossing,
          gammafunk_ghost_split, gauntlet_entry_generic,
          nicolae_qazlal_scattered_showers
D:14:     layout_roguey, erik_vaults_2, serial_shops,
          nicolae_shop_hallway_stairs, serial_park_fountain
Temple:   jpeg_temple_island
Lair:1:   layout_regular_city
Lair:2:   beast_lair_carwin_large_2, layout_regular_city,
          minmay_swamp_entry_worms, ebering_ghost_disaster_area,
          chequers_serial_rivers_micro_c
Orc:1:    layout_caves, basic_altar, portal_ice_cave_entry_pillars_2,
          nicolae_volcano_entry_hallway
Orc:2:    kennysheep_orc_mage_school, layout_diamond_mine,
          ebering_ghost_inner_flame

Skill      XL: |  1  2  3  4  5  6  7  8  9 10 11 12 13 14 |
---------------+-------------------------------------------+-----
Spellcasting   | 4 5 6 7 8 9 |  9.5
Conjurations   | 2 3 4 6 7 8 |  8.3
Poison Magic   | 2 3 4 5 6 |  6.1
Armour         | 1 2 3 4 5 |  5.8
Stealth        | 4 5 6 7 8 10 11 12 | 12.5
Fighting       | 1 2 4 5 6 7 |  7.9
Dodging        | 2 3 4 5 6 |  6.3
Air Magic      | 1 2 3 4 |  4.4
Long Blades    | 2 3 5 6 9 10 | 10.4
Fire Magic     | 1 2 |  2.1
Shields        | 3 4 |  4.8
Evocations     | 1 |  1.2
Translocations | 2 3 |  3.4
Earth Magic    | 2 5 6 |  6.2
Summonings     | |  1.0

Action                   |  1- 3 |  4- 6 |  7- 9 | 10-12 | 13-15 || total
-------------------------+-------+-------+-------+-------+-------++-------
Melee: Dagger            |    12 |    86 |    51 |       |       ||   149
       Punch             |     2 |     2 |       |     3 |       ||     7
       Falchion          |       |       |    54 |   355 |   365 ||   774
       Long sword        |       |       |    51 |   148 |       ||   199
       Constrict         |       |       |       |       |    75 ||    75
 Cast: Magic Dart        |    73 |   153 |   293 |    63 |    16 ||   598
       Mephitic Cloud    |       |     2 |    23 |    47 |    39 ||   111
       Conjure Flame     |       |     4 |     9 |    12 |    15 ||    40
       Blink             |       |     2 |     3 |    11 |    11 ||    27
 Abil: Spit Poison       |    12 |    12 |    23 |    30 |     6 ||    83
Evoke: Wand              |       |       |       |    13 |       ||    13
       Phial of floods   |       |       |       |     1 |       ||     1
  Use: Scroll            |       |    10 |     6 |    10 |     2 ||    28
       Potion            |       |       |     2 |     4 |     5 ||    11
 Stab: Confused          |       |     1 |    10 |    25 |    13 ||    49
       Sleeping          |       |     2 |     3 |     4 |    12 ||    21
       Paralysed         |       |       |       |     3 |       ||     3
Armor: Leather armour    |     2 |    25 |    59 |    16 |       ||   102
       Troll leather arm |       |       |       |   133 |    93 ||   226
Dodge: Dodged            |    11 |    39 |    98 |   281 |   133 ||   562
Block: Buckler           |       |       |       |    85 |   127 ||   212
       Reflection        |       |       |       |       |     2 ||     2

Table legend: (Time is in decaauts)
 A = Elapsed time spent in this place.
 B = Non-inter-level travel time spent in this place.
 C = Inter-level travel time spent in this place.
 D = Time resting spent in this place.
 E = Time spent auto-exploring this place.
 F = Levels seen in this place.
 G = Mean time per level.
                   A        B        C        D        E       F      G
               +--------+--------+--------+--------+--------+-----+--------+
         Total |  31806 |  30286 |   1520 |   4768 |  18223 |  22 | 1445.7 |
       Dungeon |  24847 |  23531 |   1316 |   3073 |  15689 |  14 | 1774.8 |
        Temple |    372 |    367 |      5 |      0 |    352 |   1 |  372.0 |
          Lair |   1872 |   1683 |    189 |    100 |   1179 |   2 |  936.0 |
  Orcish Mines |   1117 |   1107 |     10 |    114 |    620 |   2 |  558.5 |
       Ossuary |   1440 |   1440 |      0 |    829 |    213 |   1 | 1440.0 |
      Ice Cave |   1126 |   1126 |      0 |    352 |      0 |   1 | 1126.0 |
      Gauntlet |   1031 |   1031 |      0 |    298 |    169 |   1 | 1031.0 |
               +--------+--------+--------+--------+--------+-----+--------+

Top non-repeatable levels by time:
     D:4: 2640 daAuts
     D:6: 2486 daAuts
    D:10: 2334 daAuts
    D:11: 1997 daAuts
     D:8: 1980 daAuts
     D:1: 1806 daAuts
     D:7: 1694 daAuts
     D:3: 1670 daAuts
     D:5: 1649 daAuts
    D:13: 1539 daAuts
    D:14: 1467 daAuts
 Ossuary: 1440 daAuts
  Lair:1: 1398 daAuts
    D:12: 1348 daAuts
     D:9: 1143 daAuts
